 Dungeon Crawl Stone Soup version 0.29.0-15-g675c0067aa (webtiles) character file.

Game seed: 1381971618100730410

5594 freelancePsychic the Zephyrmancer (level 11, -6/72 HPs)
             Began as a Meteoran Necromancer on Sept 11, 2022.
             Was a Follower of Hepliaklqana.
             Mangled by a cyclops (25 damage)
             ... on level 9 of the Dungeon.
             The game lasted 00:17:15 (2250 turns).

freelancePsychic the Zephyrmancer (MeNe)            Turns: 2250, Time: 00:17:16

Health: -6/72      AC:  3    Str: 10    XL:     11   Next: 22%
Magic:  12/22      EV: 12    Int: 20    God:    Hepliaklqana [*.....]
Gold:   158        SH:  0    Dex: 16    Spells: 9/24 levels left

rFire   + + .      SeeInvis +   i - +7 quarterstaff of Filigreed Courage {flame, Drain rPois rF++ SInv}
rCold   + . .      Faith    .   (shield currently unavailable)
rNeg    . . .      Spirit   .   a - +0 robe
rPois   +          Reflect  .   (no helmet)
rElec   .          Harm     .   (no cloak)
rCorr   +          Rampage  .   s - +0 pair of gloves
Will    +....                   (no boots)
Stlth   +.........              (no amulet)
HPRegen 0.22/turn               j - ring of resist corrosion
MPRegen 0.18/turn               v - ring of protection from cold

@: glowing
A: reduced essence, sense surroundings 2, otherworldly, glowing, explore regen
a: Renounce Religion, Recall Ancestor, Ancestor Identity


You were on level 9 of the Dungeon.
You worshipped Hepliaklqana.
Hepliaklqana was aware of your devotion.
You visited 1 branch of the dungeon, and saw 10 of its levels.
You also visited: Ossuary.

You collected 158 gold pieces.

Inventory:

Hand Weapons
 f - a +2 dagger of venom
 i - the +7 quarterstaff of Filigreed Courage (weapon) {flame, Drain rPois rF++ SInv}
   (You found it on level 3 of the Dungeon)

   It burns those it strikes, dealing additional fire damage.
   rF:        It greatly protects you from fire.
   rPois:     It protects you from poison.
   SInv:      It lets you see invisible.
   Drain:     It drains your maximum health when unequipped.
Armour
 a - a +0 robe (worn)
 n - a +0 helmet
 s - a +0 pair of gloves (worn)
 w - the +1 leather armour of the Gate {Contam +Inv rElec rN+}
   (You found it on level 10 of the Dungeon)

   rElec:     It insulates you from electricity.
   rN:        It protects you from negative energy.
   +Inv:      It lets you turn invisible.
   Contam:    It causes magical contamination when unequipped.
Jewellery
 j - a ring of resist corrosion (left hand)
 p - a ring of see invisible
 q - a +6 ring of dexterity
 t - a ring of willpower
 v - a ring of protection from cold (right hand)
Wands
 k - a wand of polymorph (10)
 o - a wand of digging (7)
 u - a wand of mindburst (9)
Scrolls
 d - a scroll of identify {@r1}
Potions
 b - a potion of magic
 c - a potion of resistance
 e - a potion of lignification
 g - a potion of brilliance {unknown}
 h - a potion of attraction
 l - 2 potions of curing {@q1}
 m - a potion of cancellation
 r - 2 potions of haste {unknown}


   Skills:
 - Level 2.8 Fighting
 - Level 2.4 Dodging
 - Level 1.4 Stealth
 - Level 7.3 Spellcasting
 - Level 2.3 Hexes
 - Level 8.6 Necromancy
 + Level 10.5 Transmutations
 + Level 10.5 Air Magic


You had 9 spell levels left.
You knew the following spells:

 Your Spells              Type           Power      Damage    Failure   Level
a - Necrotise             Necr           100%       1d9       1%          1
b - Vampiric Draining     Necr           41%        2d8       1%          3
c - Animate Dead          Necr           41%        N/A       2%          4
d - Storm Form            Tmut/Air       24%        N/A       71%         7

Your spell library contained the following spells:

 Spells                   Type           Power      Damage    Failure   Level
 Poisonous Vapours        Pois/Air       56%        N/A       1%          2
 Static Discharge         Conj/Air       28%        3-7/arc   1%          2
 Spider Form              Tmut/Pois      28%        N/A       3%          3
 Mephitic Cloud           Conj/Pois/Air  21%        N/A       6%          3
 Agony                    Necr           41%        N/A       8%          5
 Ensorcelled Hibernation  Hex/Ice        22%        N/A       9%          2
 Magic Dart               Conj           28%        1d4       10%         1
 Anguish                  Hex/Necr       14%        N/A       10%         4
 Blink                    Tloc           14%        N/A       14%         2
 Call Imp                 Summ           7%         N/A       14%         2
 Dazzling Flash           Conj/Hex       22%        N/A       17%         3
 Lightning Bolt           Conj/Air       14%        1d27      28%         5
 Freezing Cloud           Conj/Ice/Air   10%        6-21      52%         5
 Iskenderun's Mystic Bla  Conj/Tloc      7%         2d4       67%         4
 Manifold Assault         Tloc           7%         N/A       95%         5
 Starburst                Conj/Fire      3%         6d3       100%        6
 Maxwell's Capacitive Co  Air            24%        ∞         100%        8


Dungeon Overview and Level Annotations

Branches:
Dungeon (10/15) Zot: 3824    Lair (0/5) D:10        Ossuary (visited)
 Temple: D:4-7          Orc: D:9-12

Altars:
Hepliaklqana
Okawaru
Xom
Zin

Shops:
D:3 (   D:6 (

Annotations:
D:3 1 transporter
D:5 3 runed translucent doors, Ijyb; ponyjar's ghost, weakling FeDe
D:6 1 runed translucent door
D:10 exclusion: oklob plant


Innate Abilities, Weirdness & Mutations

Your life essence is reduced to manifest your ancestor. (-10% HP)
You passively map the area around you.
You are easily found by Zot.
You glow in the dark.
You regain HP and MP as you explore.


Message History

The boulder beetle leaps!
You climb upwards.
There is a stone staircase leading down here.
You swap places.
Something unseen opens the door.
You sense a monster nearby.
Unknown command.
A cyclops comes into view.
What are your orders? t - Shout!
Orders for allies: a - Attack new target. r - Retreat! s - Stop attacking. g - Guard the area. f - Follow me.
Anything else - Cancel.
Gang up on whom?
Press: ? - help, Dir - move target, f - cyclops
Aim: a cyclops, quivering large rocks Attack!
Zola hits the cyclops.
The cyclops throws a large rock.
The large rock hits Zola!
Zola hits the cyclops!
The cyclops closely misses you.
Zola hits the cyclops but does no damage.
Casting: Vampiric Draining (safe; 1% risk of failure)
Confirm with . or Enter, or press ? or * to list all spells.
Aiming: Vampiric Draining (safe; 1% risk of failure)
Press: ? - help, Shift-Dir - straight line, f/p - cyclops
Aim: a cyclops, quivering large rocks (lightly wounded, ally target)
You draw life force from the cyclops!
You feel life coursing into your body!
Zola hits the cyclops but does no damage.
The cyclops hits you!!
* * * LOW HITPOINT WARNING * * *
Casting: Vampiric Draining (safe; 1% risk of failure)
Confirm with . or Enter, or press ? or * to list all spells.
Aiming: Vampiric Draining (safe; 1% risk of failure)
Press: ? - help, Shift-Dir - straight line, f/p - cyclops
Aim: a cyclops, quivering large rocks (heavily wounded, ally target)
You draw life force from the cyclops!
You feel life coursing into your body.
Zola hits the cyclops!
The cyclops hits you!!
You die...

########## ###........#
#########
########.'........#
#.......#
...#...#.#........###
#...>...#
##.#.#.'.#........'.*
#.......###
...#.#.###......C.#
#.......##. .###.#.#
#.....R@.##,*#.......#.Z
.#.....#
#.......>##.##<........#
##.#####
#........##.........Z###
.......#
#........#####)))....#
####+### #........#
##)###### * ##....####
#...Z# ####....###
####Z## ## #.........#
#..# .# *,
#.........########.####


You could see the friendly Zola the ancestor and a cyclops (ally target).

Vanquished Creatures
  A wyvern (D:9)
  3 yaks (D:9)
  A steam dragon (D:8)
  A water moccasin (D:7)
  An ice beast (D:7)
  A black bear (D:7)
  A tengu (D:5)
  A centaur (D:9)
  2 kobold brigands
  A necrophage (D:6)
  5 bullfrogs
  3 scorpions (D:7)
  2 killer bees (D:9)
  A howler monkey (D:4)
  A centaur zombie (Ossuary)
  3 crimson imps (D:4)
  A jelly (D:6)
  3 hounds (D:7)
  2 iguanas
  Jessica (D:3)
  4 orc wizards
  5 gnolls
  A shadow imp (D:5)
  An ufetubus (D:4)
  3 adder zombies (Ossuary)
  A worm (D:4)
  2 dart slugs
  7 orcs
  A ball python (D:4)
  5 endoplasms
  A giant cockroach (D:4)
  3 hobgoblins
  3 quokkas
  A frilled lizard (D:2)
  A goblin zombie (D:4)
  4 hobgoblin zombies (Ossuary)
  7 kobolds
  6 kobold zombies (Ossuary)
  7 orc zombies (Ossuary)
  A quokka zombie (D:4)
99 creatures vanquished.

Vanquished Creatures (collateral kills)
  A hydra (D:9)
  A boulder beetle (D:9)
  A two-headed ogre (D:9)
  An ugly thing (D:9)
  A wyvern (D:9)
  A yak (D:9)
  A steam dragon (D:9)
  A water moccasin (D:9)
  A centaur (D:9)
  2 kobold brigands (D:9)
  3 killer bees (D:9)
  2 orc wizards (D:9)
  4 kobolds (D:9)
20 creatures vanquished.

Vanquished Creatures (others)
  An ugly thing zombie (D:9)
  A hydra zombie (D:9)
  A kobold brigand (D:9)
  A water moccasin zombie (D:9)
  A yak zombie (D:9)
  A centaur zombie (D:9)
  An ancestor (D:9)
  An orc wizard (D:9)
  3 orc zombies (D:9)
  2 gnoll zombies (D:6)
  5 kobold zombies (D:9)
  2 fungi (D:5)
  2 plants (D:5)
22 creatures vanquished.

Grand Total: 141 creatures vanquished

Notes
Turn   | Place    | Note
-------+----------+-------------------------------------------
     0 | D:1      | freelancePsychic the Meteoran Necromancer began the quest
                  | for the Orb.
     0 | D:1      | Reached XP level 1. HP: 14/14 MP: 5/5
    99 | D:2      | Reached XP level 2. HP: 9/20 MP: 0/6
   167 | D:3      | Noticed Jessica
   172 | D:3      | Killed Jessica
   173 | D:3      | Reached skill level 5 in Necromancy
   173 | D:3      | Reached XP level 3. HP: 23/26 MP: 4/8
   185 | D:3      | Found a transporter.
   233 | D:3      | Identified the +7 quarterstaff of Filigreed Courage {flame,
                  | Drain rPois rF++ SInv}
   242 | D:3      | Reached XP level 4. HP: 28/33 MP: 9/9
   242 | D:3      | Found Sioch's Weapon Shop.
   297 | D:4      | Learned a level 3 spell: Vampiric Draining
   392 | D:4      | Found a shimmering altar of Xom.
   420 | D:4      | Reached XP level 5. HP: 15/38 MP: 9/11
   444 | D:4      | Reached XP level 6. HP: 27/45 MP: 11/13
   629 | D:4      | Found a sand-covered staircase.
   636 | Ossuary  | Entered an ossuary
   700 | Ossuary  | Reached skill level 5 in Spellcasting
   761 | D:5      | Entered Level 5 of the Dungeon
   769 | D:4      | Reached XP level 7. HP: 36/50 MP: 3/15
   781 | D:5      | Found a runed translucent gate.
   781 | D:5      | Found a runed translucent gate.
   781 | D:5      | Found a runed translucent gate.
   782 | D:5      | Noticed ponyjar's ghost (weakling FeDe)
   928 | D:5      | Got the Guide on Ozone
   970 | D:5      | Noticed Ijyb
   978 | D:6      | Found Voth's Weapon Shoppe.
  1006 | D:6      | Reached XP level 8. HP: 49/57 MP: 8/18
  1055 | D:6      | Reached skill level 1 in Fighting
  1069 | D:6      | Learned a level 4 spell: Animate Dead
  1122 | D:6      | Found a runed translucent door.
  1146 | D:7      | Reached skill level 1 in Hexes
  1183 | D:7      | Found a hazy altar of Hepliaklqana.
  1249 | D:7      | Reached skill level 1 in Transmutations
  1249 | D:7      | Reached skill level 1 in Air Magic
  1258 | D:7      | Identified the +2 scale mail "Niodewae" {Will+}
  1301 | D:7      | Gained mutation: You passively map the area around you.
                  | [Meteoran growth]
  1301 | D:7      | Reached XP level 9. HP: 65/68 MP: 10/20
  1333 | D:7      | Identified the +3 plate armour of Unambiguity {rElec rN+
                  | rCorr Str+4 Dex-3}
  1400 | D:7      | Learned a level 7 spell: Storm Form
  1457 | D:7      | Became a worshipper of Hepliaklqana the Forgotten
  1644 | D:9      | Found an iron altar of Okawaru.
  1669 | D:9      | Noticed a troll
  1685 | D:9      | Found a glowing silver altar of Zin.
  1841 | D:9      | Reached skill level 5 in Transmutations
  1841 | D:9      | Reached skill level 5 in Air Magic
  1843 | D:9      | Noticed a four-headed hydra
  1850 | D:9      | Killed a four-headed hydra
  1851 | D:9      | Reached XP level 10. HP: 33/75 MP: 6/21
  1852 | D:9      | Noticed a boulder beetle
  1869 | D:9      | Noticed a cyan ugly thing
  1872 | D:9      | Killed a boulder beetle
  1879 | D:9      | Killed a cyan ugly thing
  1969 | D:9      | Reached XP level 11. HP: 64/81 MP: 4/22
  2025 | D:9      | Reached skill level 10 in Transmutations
  2025 | D:9      | Reached skill level 10 in Air Magic
  2039 | D:9      | Reached * piety under Hepliaklqana
  2112 | D:9      | Noticed a two-headed ogre
  2133 | D:9      | Killed a two-headed ogre
  2207 | D:10     | Entered Level 10 of the Dungeon
  2213 | D:10     | Noticed an oklob plant
  2221 | D:10     | Identified the +1 leather armour of the Gate {Contam +Inv
                  | rElec rN+}
  2224 | D:10     | Noticed a boulder beetle
  2242 | D:9      | Noticed a cyclops
  2250 | D:9      | Mangled by a cyclops

Illustrated notes

Levels and vault maps discovered:
D:1:      amcnicky_arrival_underground_garden, layout_basic,
          hellmonk_ecumenical_altar_zigzags, minmay_crystal_water
D:2:      layout_rooms, kennysheep_generic_room_14
D:3:      gammafunk_wand_slinger, layout_basic,
          mainiacjoe_overflow_small_starburst, serial_shops,
          nicolae_shop_bloodbath_and_beyond, uniq_jessica
D:4:      layout_cave_pools, led_xom_imps, enter_ossuary_4, chequers_avenue,
          minivault_26, kennysheep_small_spiral, st_stairs_2,
          grunt_ministairs_6, grunt_decor_cap
D:5:      layout_gridville, mainiacjoe_overflow_chevrons,
          minmay_temple_entry_hall, gammafunk_ghost_nasty_kobolds,
          chequers_serial_rivers_small_b, uniq_ijyb
D:6:      layout_loops_ring, serial_shops, nicolae_stop_n_shop_2,
          ebering_ghost_sewer_f, chequers_serial_rivers_micro_c
D:7:      layout_loops_ring, mainiacjoe_overflow_alcove_4
D:8:      minmay_octagon_keep, layout_basic, kennysheep_mini_moat,
          hangedman_abyss_or_decor_stabs, hangedman_decor_diamond_cutter
D:9:      layout_roguey, general_overflow_altar,
          mainiacjoe_overflow_concentric_impassable, minmay_pinched_square
D:10:     kennysheep_steamy, layout_rooms, dpeg_oklobed_lair, serial_undead,
          serial_undead_b, serial_undead_d, serial_undead_e, serial_undead_b,
          serial_undead_a, serial_undead_a

Skill      XL: |  1  2  3  4  5  6  7  8  9 10 11 |
---------------+----------------------------------+-----
Necromancy     | 5 6 7 8 |  8.6
Spellcasting   | 3 4 5 6 7 |  7.3
Fighting       | 2 |  2.8
Hexes          | 2 |  2.3
Transmutations | 2 6 9 10 | 10.5
Air Magic      | 2 6 9 10 | 10.5
Dodging        | |  2.4
Stealth        | |  1.4

Action                   |  1- 3 |  4- 6 |  7- 9 | 10-12 || total
-------------------------+-------+-------+-------+-------++-------
Melee: Dagger            |     8 |     6 |       |       ||    14
       Punch             |     1 |       |       |       ||     1
       Quarterstaff      |       |    64 |    35 |    11 ||   110
 Cast: Necrotise         |    23 |    11 |     5 |       ||    39
       Vampiric Draining |       |     9 |    69 |    25 ||   103
       Animate Dead      |       |       |     3 |       ||     3
Invok: Recall Ancestor   |       |       |       |     2 ||     2
Evoke: Wand              |       |       |     1 |     1 ||     2
  Use: Scroll            |       |       |     5 |     1 ||     6
       Potion            |       |       |     4 |     1 ||     5
Armor: Robe              |     3 |    24 |    25 |     4 ||    56
Dodge: Dodged            |     5 |    53 |    75 |    24 ||   157
